 Dungeon Crawl Stone Soup version 0.16-a0-3029-g57b17b4 (webtiles) character file.

175 Kemay the Insei (level 5, -7/33 HPs)
             Began as an Octopode Transmuter on Dec 8, 2014.
             Was an Initiate of Kikubaaqudgha.
             Killed from afar by an orc wizard (9 damage)
             ... with a magic dart
             ... on level 7 of the Dungeon.
             The game lasted 00:08:34 (2442 turns).

Kemay the Insei (Octopode Transmuter)               Turns: 2442, Time: 00:08:34

Health: -7/33      AC:  1    Str:  9    XL:     5   Next: 55%
Magic:  9/9        EV:  7    Int: 17    God:    Kikubaaqudgha [......]
Gold:   204        SH:  0    Dex: 12    Spells: 1 memorised, 7 levels left

rFire  . . .     SeeInvis .       - Unarmed
rCold  . . .     Clarity  .     (no shield)
rNeg   . . .     SustAb   +     (helmet restricted)
rPois  .         Gourm    .     (no amulet)
rElec  .         Spirit   .     c - ring of sustain abilities
rCorr  .         Warding  .     (no ring)
rMut   .         Stasis   .     (no ring)
MR     .....                    (no ring)
Stlth  ++........               (no ring)
                                (no ring)
                                (no ring)
                                (no ring)

@: held, not resistant to hostile enchantments, unstealthy
A: almost no armour, amphibious, 8 rings, constrict 8, camouflage 1, gelatinous
body 1
a: Renounce Religion


You were on level 7 of the Dungeon.
You worshipped Kikubaaqudgha.
Kikubaaqudgha was noncommittal.
You were not hungry.

You visited 1 branch of the dungeon, and saw 6 of its levels.

You collected 204 gold pieces.

Inventory:

Missiles
 b - 130 stones (quivered)
Jewellery
 c - a ring of sustain abilities (left tentacle)
Magical devices
 j - a wand of digging (6)
Potions
 e - 2 potions of brilliance
 h - 3 potions of haste
Books
 d - a book of Changes

   Spells                             Type                      Level
   a - Beastly Appendage              Transmutation                1
   b - Sticks to Snakes               Transmutation                2
   c - Spider Form                    Transmutation/Poison         3
   d - Ice Form                       Ice/Transmutation            4
   e - Blade Hands                    Transmutation                5
Comestibles
 a - a bread ration
 f - 2 meat rations
 i - a beef jerky
 l - 4 chunks of flesh


   Skills:
 - Level 1.0 Fighting
 * Level 3.1 Dodging
 + Level 5.5 Unarmed Combat
 - Level 2.0 Spellcasting
 - Level 2.0 Transmutations


You had 7 spell levels left.
You knew the following spells:

 Your Spells              Type           Power        Failure   Level  Hunger
a - Beastly Appendage     Trmt           #.....       10%         1    #......


Dungeon Overview and Level Annotations

Branches:
Dungeon (7/15)
 Temple: D:4-7

Altars:
Kikubaaqudgha

Annotations:
D:5 Pikel


Innate Abilities, Weirdness & Mutations

You cannot wear most types of armour.
You are amphibious.
You can wear up to eight rings at the same time.
You can use your tentacles to constrict many enemies at once.
Your skin changes colour to match your surroundings (Stealth).
Your rubbery body absorbs attacks (AC +1).


Message History

Found a glowing short sword.
The giant cockroach bites you.
* * * LOW HITPOINT WARNING * * *
You fall through a shaft for 2 floors!
The shaft crumbles and collapses.
A giant frog, 3 gnolls and an orc wizard come into view.
The giant frog croaks.
The orc wizard shouts!
The gnoll shouts!
Found 2 fizzy yellow potions.
Found an escape hatch in the floor.
An orc and a quasit come into view.
The gnoll shouts!
An orc warrior comes into view. It is wielding a battleaxe.
The gnoll throws a throwing net.
The throwing net hits you.
You become entangled in the net!
You see here a throwing net.
You try to slip out of the net.
The orc warrior shouts!
The orc wizard gestures at you while chanting.
The magic dart hits you!
You die...
Kikubaaqudgha rasps: "You have failed me!
Welcome... death!"

# .. .# .# .#
.# .#
###.#######.#
#.........@.#
#...........#
#.........F.#
#.......o...#
#...>...g...#
...!...g...#
.....o....#
..5og....#
......


You could see an orc warrior, a giant frog, an orc wizard, 3 gnolls and an orc
(wandering).

Vanquished Creatures
  An orc priest (D:4)
  Jessica (D:2)
  Terence (D:2)
  4 adders (D:2)
  2 gnolls (D:4)
  A giant mite (D:3)
  A giant gecko (D:2)
  4 orcs
  7 bats
  2 giant cockroaches
  5 goblins
  7 hobgoblins
  A giant newt (D:4)
  4 jackals (D:2)
  3 kobolds (D:2)
  4 rats
48 creatures vanquished.

Notes
Turn   | Place    | Note
--------------------------------------------------------------
     0 | D:1      | Kemay, the Octopode Transmuter, began the quest for the Orb.
     0 | D:1      | Reached XP level 1. HP: 13/13 MP: 3/3
   741 | D:1      | Reached XP level 2. HP: 15/18 MP: 2/4
  1115 | D:2      | Reached skill level 4 in Unarmed Combat
  1115 | D:2      | Reached XP level 3. HP: 23/23 MP: 3/6
  1391 | D:2      | Reached XP level 4. HP: 25/28 MP: 5/7
  1500 | D:2      | Noticed Jessica
  1505 | D:2      | Killed Jessica
  1505 | D:2      | Reached skill level 5 in Unarmed Combat
  1722 | D:2      | Noticed Terence
  1743 | D:2      | Killed Terence
  2000 | D:3      | Found an ancient bone altar of Kikubaaqudgha.
  2017 | D:3      | Became a worshipper of Kikubaaqudgha
  2107 | D:3      | Reached XP level 5. HP: 31/33 MP: 7/9
  2423 | D:4      | HP: 1/33 [orc wizard/puff of flame (9)]
  2425 | D:5      | Entered Level 5 of the Dungeon
  2425 | D:5      | Noticed Pikel
  2425 | D:5      | Noticed a slave
  2425 | D:5      | Noticed a slave
  2425 | D:5      | Noticed a slave
  2425 | D:5      | Noticed a slave
  2437 | D:5      | HP: 1/33 [giant cockroach (1)]
  2438 | D:5      | You fall through a shaft for 2 floors!
  2441 | D:7      | Noticed an orc warrior
  2442 | D:7      | Killed from afar by an orc wizard

Action                   |  1- 3 |  4- 6 || total
-------------------------+-------+-------++-------
Melee: Unarmed           |    53 |    66 ||   119
Throw: Stone             |       |     5 ||     5
 Cast: Beastly Appendage |    12 |    15 ||    27
 Abil: End Transformatio |     2 |     5 ||     7
  Use: Potion            |     2 |     3 ||     5
       Scroll            |     1 |     3 ||     4
 Stab: Sleeping          |     3 |     1 ||     4
  Eat: Chunk             |     2 |     3 ||     5
